cohdb
Replays
Latest Replays
All Replays
Popular Replays
Top Player Replays
Match Explorer
How It Works
Community
CoH3 Stats
Reddit
Sign in to upload your games and track your stats! →
Sign in with Steam
Match 45932148
Unlisted
Match 45932148
Overview
Messages
Build Orders
End
Pioneer Squad
Construct Infanterie Kompanie
Selects Mechanized Battlegroup
Grenadier Squad
MG 42 Machine Gun Team
MG 42 Machine Gun Team
Grenadier Squad
Construct Luftwaffe Kompanie
Medical Station
Jäger Squad
Support Elements
Wirbelwind Flakpanzer
K̳itsuné
周子鹤
0
0
Comments
sign in to comment!
No comments posted yet!